 Dungeon Crawl Stone Soup version 0.20.1-1-g8b1a95d (webtiles) character file.

58 Irenicus the Chopper (level 3, -12/33 HPs)
             Began as a Deep Dwarf Monk on Nov 4, 2017.
             Mangled by Glalom's ghost (15 damage)
             ... on level 4 of the Dungeon.
             The game lasted 00:06:41 (1658 turns).

Irenicus the Chopper (Deep Dwarf Monk)              Turns: 1658, Time: 00:06:42

Health: -12/33     AC:  7    Str: 14    XL:     3   Next: 75%
Magic:  3/3        EV: 11    Int: 10    God:
Gold:   121        SH:  0    Dex: 16    Spells: 2/2 levels left

rFire    . . .     SeeInvis .   a - +0 hand axe
rCold    . . .     Gourm    .   (no shield)
rNeg     . . .     Faith    +   f - +2 ring mail
rPois    .         Spirit   .   (no helmet)
rElec    .         Reflect  .   (no cloak)
rCorr    .         Harm     .   (no gloves)
MR       .....                  (no boots)
Stlth    +.........             b - amulet of faith
Regen    0.0/turn               (no ring)
MPRegen  0.1/turn               (no ring)

@: about to teleport, non-regenerating, slowed, heavily drained, very slow
A: damage resistance, heal wounds, sense surroundings 1, no regeneration
a: Heal Wounds


You were on level 4 of the Dungeon.
You were hungry.

You visited 1 branch of the dungeon, and saw 4 of its levels.

You collected 121 gold pieces.

Inventory:

Hand Weapons
 a - a +0 hand axe (weapon)
Armour
 f - a +2 ring mail (worn)
Jewellery
 b - an amulet of faith (around neck)
 e - an uncursed amulet of harm
Scrolls
 g - a scroll of fear
 k - 3 scrolls of identify
Comestibles
 c - 3 bread rations
 h - 2 meat rations
 i - 2 royal jellies
 j - a fruit


   Skills:
 - Level 2.6(1.0) Fighting
 + Level 5.2(3.4) Axes
   Level 0.2(1.2) Maces & Flails
 - Level 3.2(1.6) Dodging
 - Level 2.4(0.8) Stealth


You had 2 spell levels left.
You didn't know any spells.

Dungeon Overview and Level Annotations

Branches:
Dungeon (4/15)
 Temple: D:4-7

Altars:
Ru

Annotations:
D:4 Glalom's ghost, amateur DECj; Natasha


Innate Abilities, Weirdness & Mutations

You are resistant to damage.
You can heal yourself by infusing magical energy.
You passively map a small area around you.
You do not regenerate.


Message History

Glalom's ghost points at you and mumbles some strange words.
The magic dart hits you! Natasha claws you.
Glalom's ghost gestures at you while chanting.
The magic dart hits you!
You hit Natasha but do no damage.
Natasha is severely wounded.
You hit Glalom's ghost but do no damage.
Natasha closely misses you. Glalom's ghost casts a spell at you.
The lance of force hits you!
* * * LOW HITPOINT WARNING * * *
You are knocked back by the lance of force.
You aren't carrying any items that you can evoke.
As you read the scroll of teleportation, it crumbles to dust.
You feel strangely unstable. Natasha claws you.
* * * LOW HITPOINT WARNING * * *
You fail to use your ability.
Glalom's ghost hits you but does no damage.
You are electrocuted!
You die...

#### ####### ...#
#.....#
##.###########.....#
...................#
##.###########.....##
#.# .............#
#.# *.###.....@.#.#
#.# * * #.####hW# #*
* #.# , #. #..# , ,
#.# *, # #..#, * ##.#
* *,#.......# , ...#
...W..........# ####*
#.##..##....... , *,
, #... *##.##.. , **
#.#. .#* # ,


You could see Natasha and Glalom's ghost.

Vanquished Creatures
  An adder (D:3)
  An ooze (D:2)
  A worm (D:3)
  A dart slug (D:2)
  A leopard gecko (D:1)
  3 bats (D:1)
  2 giant cockroaches
  9 goblins
  5 hobgoblins
  3 kobolds
  A ball python (D:4)
  A frilled lizard (D:1)
  8 rats
37 creatures vanquished.

Notes
Turn   | Place    | Note
-------+----------+-------------------------------------------
     0 | D:1      | Irenicus the Deep Dwarf Monk began the quest for the Orb.
     0 | D:1      | Reached XP level 1. HP: 20/20 MP: 1/1
   303 | D:1      | Reached XP level 2. HP: 25/27 MP: 2/2
   321 | D:1      | Reached skill level 4 in Axes
   962 | D:2      | Found a sacrificial altar of Ru.
  1057 | D:2      | Reached XP level 3. HP: 20/33 MP: 3/3
  1389 | D:3      | Reached skill level 5 in Axes
  1647 | D:4      | Noticed Natasha
  1649 | D:4      | Noticed Glalom's ghost (amateur DECj)
  1658 | D:4      | Mangled by Glalom's ghost

Skill      XL: |  1  2  3 |
---------------+----------+-----
Axes           | 4 5 |  5.2
Fighting       | |  2.6
Maces & Flails | |  0.2
Dodging        | |  3.2
Stealth        | |  2.4

Action                   || total
-------------------------++-------
Melee: Mace              ||    78
       Hand axe          ||    42
 Abil: Heal Wounds       ||     1
  Use: Scroll            ||     8
       Potion            ||     3
 Stab: Sleeping          ||     5
       Fleeing           ||     1
  Eat: Chunk             ||     2
Armor: Robe              ||     6
       Ring mail         ||    42
Dodge: Dodged            ||    79
